 Dungeon Crawl Stone Soup version 0.14-a0-2374-ge879b5e (webtiles) character file.

171 Kae the Cudgeler (level 4, -1/34 HPs)
             Began as a Vine Stalker Berserker on Feb 1, 2014.
             Was a Believer of Trog.
             Slain by a goliath beetle (24 damage)
             ... on Level 3 of the Dungeon.
             The game lasted 00:02:07 (996 turns).

Kae the Cudgeler (Vine Stalker Berserker)            Turns: 996, Time: 00:02:07

HP  -1/34        AC  3     Str 26      XL: 4   Next: 21%
MP   0/5         EV 12     Int  7      God: Trog [**....]
Gold 101         SH  0     Dex 13      Spells:  0 memorised,  3 levels left

rFire  . . .     SeeInvis .     g - +2,+0 flail
rCold  . . .     Clarity  .     b - +0 animal skin
rNeg   . . .     Conserve .     (no shield)
rPois  .         rCorr    .     (no helmet)
rElec  .         rRot     +     (no cloak)
SustAb . .       Spirit   +     (no gloves)
rMut   .         Warding  .     s - +0 pair of elf boots
Saprov . . .     Stasis   .     (no amulet)
MR     .....                    (no ring)
                                (no ring)

@: berserking, very quick, not resistant to hostile enchantments, extremely
unstealthy
A: fangs 2, regeneration 1, magic shield, antimagic bite, no device heal
a: Burn Spellbooks, Berserk, Trog's Hand, Renounce Religion


You were on level 3 of the Dungeon.
You worshipped Trog.
Trog was pleased with you.
You were hungry.

You visited 1 branch of the dungeon, and saw 3 of its levels.

You collected 101 gold pieces.

Inventory:

Hand weapons
 a - a +0,+0 mace
 g - a +2,+0 flail (weapon)
Armour
 b - a +0 animal skin (worn)
 s - a +0 pair of elven boots (worn)
Magical devices
 r - a wand of digging (19) {unknown}
Comestibles
 c - 2 bread rations
Scrolls
 d - a scroll of recharging {unknown}
 e - a scroll of blinking {unknown}
 f - a scroll of remove curse {unknown}
 i - a scroll of enchant weapon I {unknown}
 k - a scroll of noise {unknown}
 l - a scroll of random uselessness {unknown}
 m - 2 scrolls of teleportation {unknown}
 p - a scroll of curse weapon {unknown}
 t - a scroll of magic mapping {unknown}
Jewellery
 h - an uncursed ring of magical power {unknown}
 n - a +4 ring of protection {unknown}
 q - an uncursed ring of sustain abilities {unknown}
Potions
 j - a potion of resistance {unknown}
 o - a potion of might {unknown}


   Skills:
 - Level 2.6 Fighting
 + Level 4.4 Maces & Flails
 - Level 1.5 Armour
 - Level 1.5 Dodging


You had 3 spell levels left.
You didn't know any spells.

Dungeon Overview and Level Annotations

Branches:
Dungeon (3/16)

Altars:
Sif Muna


Innate Abilities, Weirdness & Mutations

You have extremely sharp teeth.
Your natural rate of healing is unusually fast.
When hurt, damage is shared between your health and your magic reserves.
Your bite disrupts and absorbs the magic of your enemies.
Potions and wands cannot restore your HP.


Message History

You start resting.
HP restored.
You climb downwards.
The goliath beetle bites you!
There is a stone staircase leading up, spattered with blood here.
Use which ability? (? or * to list)
A red film seems to cover your vision as you go berserk!
You feel yourself moving faster!
You feel mighty!
You feel somewhat more hungry.
You sock the goliath beetle!
You bite the goliath beetle, but do no damage.
The goliath beetle is moderately wounded.
The goliath beetle misses you.
You thump the goliath beetle! You bite the goliath beetle. You drain its power.
You feel invigorated.
The goliath beetle is heavily wounded.
You thump the goliath beetle! You bite the goliath beetle! You drain its power.
The goliath beetle is almost dead.
The goliath beetle bites you!
Ouch! That really hurt!
You die...

#########
#.......#
#..$....+
#.......#
#.......#
#......@#
#......B#
+.......#
#.......#
###+#####


You could see a goliath beetle.

Vanquished Creatures
  Terence (D:2)
  A gnoll (D:1)
  An adder (D:2)
  A giant gecko (D:1)
  5 bats
  A giant cockroach (D:1)
  6 goblins
  6 hobgoblins (D:1)
  4 kobolds (D:1)
  4 giant newts
  4 jackals (D:1)
  3 rats (D:1)
37 creatures vanquished.

Notes
Turn   | Place    | Note
--------------------------------------------------------------
     0 | D:1      | Kae, the Vine Stalker Berserker, began the quest for the Orb.
     0 | D:1      | Reached XP level 1. HP: 11/11 MP: 1/1
    28 | D:1      | Reached skill level 3 in Maces & Flails
    51 | D:1      | Reached XP level 2. HP: 14/16 MP: 3/3
   119 | D:1      | Acquired Trog's second power
   126 | D:1      | Reached XP level 3. HP: 5/19 MP: 1/4
   269 | D:1      | Reached skill level 4 in Maces & Flails
   559 | D:2      | Noticed Terence
   574 | D:2      | Killed Terence
   574 | D:2      | Reached XP level 4. HP: 8/23 MP: 3/5
   715 | D:2      | Found a deep blue altar of Sif Muna.
   996 | D:3      | Slain by a goliath beetle

Action                   |  1- 3 |  4- 6 || total
-------------------------+-------+-------++-------
Melee: Mace              |    38 |       ||    38
       Flail             |    37 |    10 ||    47
Invok: Trog's Hand       |     1 |       ||     1
       Berserk           |       |     1 ||     1
